| TOP OF THE 1ST |
|
Brooklyn Cyclones batting - Pitching for Batavia Muckdogs : RHP Mike Shields
|
|
Pitching: RHP Mike Shields
|
|
|
Batting: LHB Jeremy Moorehead
|
0-0: Ground out 5-3 (Groundball, 56, EV 101.2 MPH)
|
|
Batting: SHB Callum Lynch
|
0-0: Ball 1-0: Called Strike 1-1: Hit by Pitch
|
|
Batting: SHB Tyler Maddux
|
0-0: Ball 1-0: Ball 2-0: Ball 3-0: Called Strike 3-1: Grounds out, U3 (Groundball, 3L, EV 103.1 MPH)
|
|
Batting: RHB Jake Geib
|
0-0: Foul Ball, location: 2F 0-1: Ball 1-1: Foul Ball, location: 2F 1-2: Ball 2-2: Ground out 5-3 (Groundball, 5, EV 101.2 MPH)
|
| Top of the 1st over - 0 runs, 0 hits, 0 errors, 1 left on base; Brooklyn 0 - Batavia 0 |
| BOTTOM OF THE 1ST |
|
Batavia Muckdogs batting - Pitching for Brooklyn Cyclones : LHP Jesus Espitia
|
|
Pitching: LHP Jesus Espitia
|
|
|
Batting: SHB Justin Corbett
|
0-0: Called Strike 0-1: Foul Ball, location: 2F 0-2: TRIPLE (Flyball, 78XD, EV 113.1 MPH)
|
|
Batting: RHB Hiromitsu Yamada
|
0-0: Called Strike 0-1: Ball 1-1: Called Strike 1-2: Ball 2-2: Strikes out swinging
|
|
Batting: RHB Justin Dunham
|
0-0: Ground out 3-1 (Groundball, 34, EV 102.5 MPH) Justin Corbett scores
|
|
Batting: RHB Rick English
|
0-0: Called Strike 0-1: Ball 1-1: Fly out, F9 (Flyball, 89S, EV 71.2 MPH)
|
| Bottom of the 1st over - 1 run, 1 hit, 0 errors, 0 left on base; Brooklyn 0 - Batavia 1 |
| TOP OF THE 2ND |
|
Brooklyn Cyclones batting - Pitching for Batavia Muckdogs : RHP Mike Shields
|
|
Batting: SHB Nick Daigle
|
0-0: Fly out, F6 (Popup, P, EV 74.4 MPH)
|
|
Batting: RHB Coltin Nellis
|
0-0: Ball 1-0: Swinging Strike 1-1: Ball 2-1: Foul Ball, location: 2F 2-2: Strikes out swinging
|
|
Batting: RHB Jack Nickleberry
|
0-0: Called Strike 0-1: Foul Ball, location: 2F 0-2: Strikes out swinging
|
| Top of the 2nd over - 0 runs, 0 hits, 0 errors, 0 left on base; Brooklyn 0 - Batavia 1 |
| BOTTOM OF THE 2ND |
|
Batavia Muckdogs batting - Pitching for Brooklyn Cyclones : LHP Jesus Espitia
|
|
Batting: RHB George Boivin
|
0-0: Ball 1-0: Ball 2-0: Ball 3-0: Called Strike 3-1: Foul Ball, location: 2F 3-2: Base on Balls
|
|
Batting: RHB Tony Ledezma
|
0-0: Fielders Choice at 2nd, 5-4 (Groundball, 5, EV 92.5 MPH)
|
|
Batting: RHB Jim Fisher
|
0-0: Fly out, F8 (Flyball, 89D, EV 92.5 MPH)
|
|
Batting: RHB Jason Thrash
|
0-0: Ball 1-0: Foul Ball, location: 2F 1-1: Foul Ball, location: 2F 1-2: Strikes out swinging
|
| Bottom of the 2nd over - 0 runs, 0 hits, 0 errors, 1 left on base; Brooklyn 0 - Batavia 1 |
| TOP OF THE 3RD |
|
Brooklyn Cyclones batting - Pitching for Batavia Muckdogs : RHP Mike Shields
|
|
Batting: SHB Salvador Gomez
|
0-0: Ball 1-0: SINGLE (Line Drive, 34, EV 103.1 MPH)
|
|
Batting: RHB Mike Patterson
|
0-0: Called Strike 0-1: Ball 1-1: Foul Ball, location: 2F 1-2: Ball 2-2: Ball 3-2: Foul Ball, location: 2F 3-2: Foul Ball, location: 2F 3-2: Foul Ball, location: 2F 3-2: DOUBLE (Line Drive, 7LM, EV 97.5 MPH) Salvador Gomez to third
|
|
Batting: LHB Jeremy Moorehead
|
0-0: Ball 1-0: Foul Ball, location: 2F 1-1: Foul Ball, location: 2F 1-2: Ground out 4-3 (Groundball, 4, EV 109.4 MPH) Salvador Gomez scores Mike Patterson to third
|
|
Batting: SHB Callum Lynch
|
0-0: Swinging Strike 0-1: Ball 1-1: Ball 2-1: Called Strike 2-2: Ball 3-2: Strikes out swinging
|
|
Batting: SHB Tyler Maddux
|
0-0: Called Strike 0-1: Ball Balk! Mike Patterson scores 1-1: Swinging Strike 1-2: Ground out 6-3 (Groundball, 6, EV 86.9 MPH)
|
| Top of the 3rd over - 2 runs, 2 hits, 0 errors, 0 left on base; Brooklyn 2 - Batavia 1 |
| BOTTOM OF THE 3RD |
|
Batavia Muckdogs batting - Pitching for Brooklyn Cyclones : LHP Jesus Espitia
|
|
Batting: RHB Calvin Morin
|
0-0: Ball 1-0: Ball 2-0: Ball 3-0: Base on Balls
|
|
Batting: SHB Justin Corbett
|
0-0: Called Strike Calvin Morin is caught stealing 2nd base 2-4 0-1: Called Strike 0-2: Ball 1-2: Foul Ball, location: 2F 1-2: Ball 2-2: Ball 3-2: Ground out 6-3 (Groundball, 6, EV 88.1 MPH)
|
|
Batting: RHB Hiromitsu Yamada
|
0-0: Ball 1-0: Ball 2-0: Called Strike 2-1: Foul Ball, location: 2F 2-2: Ground out 5-3 (Groundball, 56S, EV 85.6 MPH)
|
| Bottom of the 3rd over - 0 runs, 0 hits, 0 errors, 0 left on base; Brooklyn 2 - Batavia 1 |
| TOP OF THE 4TH |
|
Brooklyn Cyclones batting - Pitching for Batavia Muckdogs : RHP Mike Shields
|
|
Batting: RHB Jake Geib
|
0-0: Called Strike 0-1: Swinging Strike 0-2: Ball 1-2: Fly out, F7 (Flyball, 78S, EV 91.2 MPH)
|
|
Batting: SHB Nick Daigle
|
0-0: Foul Ball, location: 2F 0-1: Ball 1-1: Foul Ball, location: 2F 1-2: Ball 2-2: Foul Ball, location: 2F 2-2: Ground out 4-3 (Groundball, 4, EV 86.2 MPH)
|
|
Batting: RHB Coltin Nellis
|
0-0: Fly out, F7 (Flyball, 7D, EV 81.2 MPH)
|
| Top of the 4th over - 0 runs, 0 hits, 0 errors, 0 left on base; Brooklyn 2 - Batavia 1 |
| BOTTOM OF THE 4TH |
|
Batavia Muckdogs batting - Pitching for Brooklyn Cyclones : LHP Jesus Espitia
|
|
Batting: RHB Justin Dunham
|
0-0: Ground out 1-3 (Groundball, 15S, EV 68.8 MPH)
|
|
Batting: RHB Rick English
|
0-0: Called Strike 0-1: Ball 1-1: Ball 2-1: Ball 3-1: Swinging Strike 3-2: Base on Balls
|
|
Batting: RHB George Boivin
|
0-0: Ball 1-0: Foul Ball, location: 2F 1-1: Foul Ball, location: 2F 1-2: Grounds into double play, 6-4-3 (Groundball, 6, EV 81.9 MPH)
|
| Bottom of the 4th over - 0 runs, 0 hits, 0 errors, 0 left on base; Brooklyn 2 - Batavia 1 |
| TOP OF THE 5TH |
|
Brooklyn Cyclones batting - Pitching for Batavia Muckdogs : RHP Mike Shields
|
|
Batting: RHB Jack Nickleberry
|
0-0: Ball 1-0: Swinging Strike 1-1: Foul Ball, location: 2F 1-2: Foul Ball, location: 2F 1-2: Ground out 6-3 (Groundball, 6, EV 80.6 MPH)
|
|
Batting: SHB Salvador Gomez
|
0-0: Ball 1-0: Ground out 5-3 (Groundball, 56S, EV 85.0 MPH)
|
|
Batting: RHB Mike Patterson
|
0-0: Foul Ball, location: 2F 0-1: Ball 1-1: Swinging Strike 1-2: Strikes out swinging
|
| Top of the 5th over - 0 runs, 0 hits, 0 errors, 0 left on base; Brooklyn 2 - Batavia 1 |
| BOTTOM OF THE 5TH |
|
Batavia Muckdogs batting - Pitching for Brooklyn Cyclones : LHP Jesus Espitia
|
|
Batting: RHB Tony Ledezma
|
0-0: Ball 1-0: Called Strike 1-1: Ball 2-1: Ground out U3 (Groundball, 34, EV 104.4 MPH)
|
|
Batting: RHB Jim Fisher
|
0-0: Swinging Strike 0-1: Called Strike 0-2: Strikes out swinging
|
|
Batting: RHB Jason Thrash
|
0-0: Ball 1-0: Called Strike 1-1: Ball 2-1: Fly out, F9 (Flyball, 9D, EV 101.9 MPH)
|
| Bottom of the 5th over - 0 runs, 0 hits, 0 errors, 0 left on base; Brooklyn 2 - Batavia 1 |
| TOP OF THE 6TH |
|
Brooklyn Cyclones batting - Pitching for Batavia Muckdogs : RHP Mike Shields
|
|
Batting: LHB Jeremy Moorehead
|
0-0: Ball 1-0: Called Strike 1-1: Ball 2-1: SOLO HOME RUN (Flyball, 9D, EV 97.5 MPH), Distance : 371 ft
|
|
Batting: SHB Callum Lynch
|
0-0: Ground out 2-3 (Groundball, 15S, EV 63.8 MPH)
|
|
Batting: SHB Tyler Maddux
|
0-0: Called Strike 0-1: Ball 1-1: Ball 2-1: Foul Ball, location: 2F 2-2: DOUBLE (Line Drive, 78D, EV 104.4 MPH)
|
|
Batting: RHB Jake Geib
|
0-0: Ball Tyler Maddux steals 3rd base 1-0: SINGLE (Groundball, 56, EV 100.6 MPH) Tyler Maddux scores
|
|
Batting: SHB Nick Daigle
|
0-0: Called Strike 0-1: Ball 1-1: Ball 2-1: Foul Ball, location: 2F Pickoff Throw to First - Out! 1-3 CS 2-2: Ball 3-2: Ground out 5-3 (Groundball, 56, EV 83.8 MPH)
|
| Top of the 6th over - 2 runs, 3 hits, 0 errors, 0 left on base; Brooklyn 4 - Batavia 1 |
| BOTTOM OF THE 6TH |
|
Batavia Muckdogs batting - Pitching for Brooklyn Cyclones : LHP Jesus Espitia
|
|
Batting: RHB Calvin Morin
|
0-0: Called Strike 0-1: Foul Ball, location: 2F 0-2: Strikes out swinging
|
|
Batting: SHB Justin Corbett
|
0-0: Ball 1-0: Ball 2-0: Foul Ball, location: 2F 2-1: Ground out 5-3 (Groundball, 5L, EV 104.4 MPH)
|
|
Batting: RHB Hiromitsu Yamada
|
0-0: Ball 1-0: Ball 2-0: Ball 3-0: Called Strike 3-1: Foul Ball, location: 2F 3-2: Base on Balls
|
|
Batting: RHB Justin Dunham
|
0-0: Called Strike 0-1: Foul Ball, location: 2F 0-2: Foul Ball, location: 2F 0-2: Ball 1-2: Ball 2-2: SINGLE (Groundball, 6MD, EV 96.2 MPH) (infield hit) Hiromitsu Yamada to second
|
|
Batting: RHB Rick English
|
0-0: Ball 1-0: Called Strike 1-1: Foul Ball, location: 2F 1-2: Fly out, F7 (Flyball, 7, EV 86.2 MPH)
|
| Bottom of the 6th over - 0 runs, 1 hit, 0 errors, 2 left on base; Brooklyn 4 - Batavia 1 |
| TOP OF THE 7TH |
|
Brooklyn Cyclones batting - Pitching for Batavia Muckdogs : RHP Mike Shields
|
|
Batting: RHB Coltin Nellis
|
0-0: Ball 1-0: Ball 2-0: Foul Ball, location: 2F 2-1: Ball 3-1: Ground out 4-3 (Groundball, 4, EV 102.5 MPH)
|
|
Batting: RHB Jack Nickleberry
|
0-0: Ball 1-0: Swinging Strike 1-1: SINGLE (Groundball, 56S, EV 66.2 MPH) (infield hit)
|
|
Batting: SHB Salvador Gomez
|
0-0: Ball 1-0: Called Strike 1-1: Swinging Strike 1-2: Ball 2-2: Strikes out swinging
|
|
Pitching: RHP Victor Delgado
|
|
|
Batting: RHB Mike Patterson
|
0-0: Foul Ball, location: 2F 0-1: Ball 1-1: Foul Ball, location: 2F 1-2: Strikes out swinging
|
| Top of the 7th over - 0 runs, 1 hit, 0 errors, 1 left on base; Brooklyn 4 - Batavia 1 |
| BOTTOM OF THE 7TH |
|
Batavia Muckdogs batting - Pitching for Brooklyn Cyclones : LHP Jesus Espitia
|
|
Batting: RHB George Boivin
|
0-0: Swinging Strike 0-1: Ball 1-1: Called Strike 1-2: SINGLE (Line Drive, 9S, EV 98.8 MPH)
|
|
Batting: RHB Tony Ledezma
|
0-0: Called Strike 0-1: Foul Ball, location: 2F 0-2: Ball 1-2: Ball 2-2: Ball 3-2: Base on Balls George Boivin to second
|
|
Batting: RHB Jim Fisher
|
0-0: Foul Ball, location: 2F 0-1: Bunted foul 0-2: Ball 1-2: DOUBLE (Flyball, 89XD, EV 100.0 MPH) George Boivin scores Tony Ledezma to third
|
|
Batting: RHB Jason Thrash
|
0-0: SINGLE (Groundball, 56D, EV 107.5 MPH) Tony Ledezma scores Jim Fisher to third
|
|
Batting: RHB Calvin Morin
|
0-0: Called Strike 0-1: Called Strike 0-2: Ball 1-2: Foul Ball, location: 2F 1-2: Ball 2-2: SINGLE (Groundball, 4MD, EV 95.0 MPH) Jim Fisher scores Jason Thrash to second
|
|
Pitching: RHP Jason Jones
|
|
|
Batting: SHB Justin Corbett
|
0-0: Ball 1-0: Ball 2-0: Ball 3-0: Base on Balls Jason Thrash to third Calvin Morin to second
|
|
Batting: RHB Hiromitsu Yamada
|
0-0: Fly out, F8 (Flyball, 8LD, EV 74.4 MPH) Runner from 3rd tags up, SCORES, throw by CF Calvin Morin to third
|
|
Batting: RHB Justin Dunham
|
0-0: Called Strike Justin Corbett steals 2nd base 0-1: Foul Ball, location: 2F 0-2: Foul Ball, location: 2F 0-2: Ball 1-2: Strikes out swinging
|
|
Batting: RHB Rick English
|
0-0: Ball 1-0: Fly out, F8 (Flyball, 8LD, EV 90.6 MPH)
|
| Bottom of the 7th over - 4 runs, 4 hits, 0 errors, 2 left on base; Brooklyn 4 - Batavia 5 |
| TOP OF THE 8TH |
|
Brooklyn Cyclones batting - Pitching for Batavia Muckdogs : RHP Victor Delgado
|
|
Batting: LHB Jeremy Moorehead
|
0-0: Called Strike 0-1: Ball 1-1: Ball 2-1: Foul Ball, location: 2F 2-2: Foul Ball, location: 2F 2-2: Ball 3-2: Base on Balls
|
|
Pitching: RHP Glen Patterson
|
|
|
Batting: SHB Callum Lynch
|
0-0: Sac Bunt to 13S - play at first, batter OUT! 1-3 Jeremy Moorehead to second
|
|
Batting: SHB Tyler Maddux
|
0-0: Called Strike 0-1: Ball 1-1: Ball 2-1: Ball 3-1: Base on Balls
|
|
Batting: RHB Jake Geib
|
0-0: Ball 1-0: SINGLE (Groundball, 56S, EV 65.0 MPH) (infield hit) Jeremy Moorehead to third Tyler Maddux to second
|
|
Batting: SHB Nick Daigle
|
0-0: Called Strike 0-1: Ball 1-1: Called Strike 1-2: Strikes out swinging
|
|
Batting: RHB Coltin Nellis
|
0-0: Ball 1-0: SINGLE (Line Drive, 4D, EV 97.5 MPH) Jeremy Moorehead scores Tyler Maddux to third Jake Geib to second Runner from 3rd tries for Home, SAFE, throw by CF to home
|
|
Pinch Hitting: SHB Chris Keziah
|
0-0: Ball 1-0: Ball 2-0: Ball 3-0: Called Strike 3-1: Base on Balls Jake Geib to third Coltin Nellis to second
|
|
Batting: SHB Salvador Gomez
|
0-0: Foul Ball, location: 2F 0-1: Ball 1-1: Ball 2-1: Ball 3-1: Swinging Strike 3-2: SINGLE (Groundball, 34D, EV 103.8 MPH) Jake Geib scores Coltin Nellis to third Chris Keziah to second Coltin Nellis scores Chris Keziah to third
|
|
Pitching: RHP Cesar Jimenez
|
|
|
Batting: RHB Mike Patterson
|
0-0: Called Strike 0-1: Reached on error, E4 (Groundball, 4, EV 81.9 MPH) Chris Keziah scores Salvador Gomez to second
|
|
Batting: LHB Jeremy Moorehead
|
0-0: Ground out 4-3 (Groundball, 4S, EV 76.2 MPH)
|
| Top of the 8th over - 5 runs, 3 hits, 1 error, 2 left on base; Brooklyn 9 - Batavia 5 |
| BOTTOM OF THE 8TH |
|
Batavia Muckdogs batting - Pitching for Brooklyn Cyclones : RHP Jason Jones
|
|
Now at 2B: Nick Daigle
|
|
|
Now at SS: Duri Chilemba
|
|
|
Batting: RHB George Boivin
|
0-0: Ball 1-0: Ball 2-0: Ball 3-0: Called Strike 3-1: Base on Balls
|
|
Batting: RHB Tony Ledezma
|
0-0: Called Strike 0-1: Ball 1-1: Called Strike 1-2: Fly out, F8 (Flyball, 8LM, EV 95.0 MPH)
|
|
Batting: RHB Jim Fisher
|
0-0: Called Strike 0-1: Ball 1-1: Swinging Strike 1-2: Strikes out looking
|
|
Batting: RHB Jason Thrash
|
0-0: Called Strike 0-1: Ball 1-1: Called Strike 1-2: Foul Ball, location: 2F 1-2: Ball 2-2: Ball 3-2: Base on Balls George Boivin to second
|
|
Batting: RHB Calvin Morin
|
0-0: Called Strike 0-1: Ball 1-1: Swinging Strike 1-2: Foul Ball, location: 2F 1-2: Strikes out swinging
|
| Bottom of the 8th over - 0 runs, 0 hits, 0 errors, 2 left on base; Brooklyn 9 - Batavia 5 |
| TOP OF THE 9TH |
|
Brooklyn Cyclones batting - Pitching for Batavia Muckdogs : RHP Cesar Jimenez
|
|
Batting: SHB Callum Lynch
|
0-0: Called Strike 0-1: Swinging Strike 0-2: Reached on error, E4 (Groundball, 4, EV 78.8 MPH)
|
|
Batting: SHB Tyler Maddux
|
0-0: Called Strike Callum Lynch steals 2nd base 0-1: Ball 1-1: DOUBLE (Line Drive, 78D, EV 100.6 MPH) Callum Lynch scores
|
|
Batting: RHB Jake Geib
|
0-0: Called Strike 0-1: Swinging Strike 0-2: Foul Ball, location: 2F 0-2: Ball 1-2: Strikes out swinging
|
|
Batting: SHB Nick Daigle
|
0-0: Called Strike Tyler Maddux steals 3rd base (no throw) 0-1: Called Strike 0-2: Ball 1-2: SINGLE (Groundball, 56D, EV 97.5 MPH) Tyler Maddux scores
|
|
Batting: RHB Coltin Nellis
|
0-0: Ball Nick Daigle is caught stealing 2nd base 2-4 1-0: SINGLE (Groundball, 56D, EV 98.1 MPH)
|
|
Batting: SHB Duri Chilemba
|
0-0: Ball 1-0: Foul Ball, location: 2F 1-1: Ground out U3 (Groundball, 3, EV 107.5 MPH)
|
| Top of the 9th over - 2 runs, 3 hits, 1 error, 1 left on base; Brooklyn 11 - Batavia 5 |
| BOTTOM OF THE 9TH |
|
Batavia Muckdogs batting - Pitching for Brooklyn Cyclones : RHP Jason Jones
|
|
Batting: SHB Justin Corbett
|
0-0: Ball 1-0: Swinging Strike 1-1: Ball 2-1: Foul Ball, location: 2F 2-2: Foul Ball, location: 2F 2-2: Foul Ball, location: 2F 2-2: Ball 3-2: Base on Balls
|
|
Pitching: RHP Rob Fennell
|
|
|
Batting: RHB Hiromitsu Yamada
|
0-0: Ball 1-0: Ball 2-0: Ball 3-0: Foul Ball, location: 2F 3-1: DOUBLE (Groundball, 5L, EV 101.9 MPH) Justin Corbett to third
|
|
Batting: RHB Justin Dunham
|
0-0: Ball 1-0: Ball 2-0: Ground out 5-3 (Groundball, 56, EV 99.4 MPH) Justin Corbett scores
|
|
Batting: RHB Rick English
|
0-0: Swinging Strike 0-1: Called Strike 0-2: Ball 1-2: Strikes out swinging
|
|
Pitching: LHP Mike Mathews
|
|
|
Batting: RHB George Boivin
|
0-0: Ball 1-0: Swinging Strike 1-1: Ground out 6-3 (Groundball, 6, EV 107.5 MPH)
|
| Bottom of the 9th over - 1 run, 1 hit, 0 errors, 1 left on base; Brooklyn 11 - Batavia 6 |
|